 Dungeon Crawl Stone Soup version 0.25.1-8-g42b30a86e7 (webtiles) character file.

Game seed: 11493250553559404304

52 Descartes the Ducker (level 3, -14/18 HPs)
             Began as a Felid Monk on Dec 23, 2020.
             Killed from afar by Sigmund (15 damage)
             ... with a puff of flame
             ... on level 2 of the Dungeon.
             The game lasted 00:03:14 (2276 turns).

Descartes the Ducker (Felid Monk)                   Turns: 2276, Time: 00:03:15

Health: -14/18     AC:  1    Str:  8    XL:     3   Next: 60%
Magic:  4/4        EV: 20    Int: 11    God:
Gold:   128        SH:  0    Dex: 18    Spells: 2/2 levels left
                                        Lives:  0   Deaths: 1

rFire    . . .     SeeInvis +     - Unarmed
rCold    . . .     Gourm    .   (shield unavailable)
rNeg     . . .     Faith    .   (armour unavailable)
rPois    .         Spirit   .   (helmet unavailable)
rElec    .         Reflect  .   (cloak unavailable)
rCorr    .         Harm     .   (gloves unavailable)
MR       .....                  (boots unavailable)
Stlth    +++.......             (no amulet)
HPRegen  0.06/turn              (no ring)
MPRegen  0.09/turn              (no ring)

@: quick
A: very small, no armour, no weapons or thrown items, stealth, claws 1, fangs 3,
see invisible, carnivore, speed 1, shaggy fur 1, slow metabolism 1, sharp paws
a: no special abilities


You were on level 2 of the Dungeon.
You were very full.

You visited 1 branch of the dungeon, and saw 2 of its levels.

You collected 128 gold pieces.

Inventory:

Missiles
 h - 79 stones
 n - 23 arrows
Jewellery
 m - a cursed ring of teleportation {unknown}
Scrolls
 c - 5 scrolls of identify {unknown}
 d - a scroll of amnesia {unknown}
 f - a scroll of random uselessness {unknown}
 i - a scroll of fog {unknown}
 j - a scroll of enchant weapon {unknown}
Potions
 b - a potion of brilliance {unknown}
 e - a potion of stabbing {unknown}
 g - a potion of resistance {unknown}
 k - 2 potions of mutation {unknown}
 l - a potion of berserk rage {unknown}
 o - a potion of degeneration {unknown}
 p - 3 potions of heal wounds {unknown}
Comestibles
 a - 8 rations


   Skills:
 + Level 3.7 Fighting
 + Level 4.9 Dodging
 + Level 4.2 Stealth
 + Level 3.6 Unarmed Combat


You had 2 spell levels left.
You didn't know any spells.
Your spell library was empty.

Dungeon Overview and Level Annotations

Branches:
Dungeon (2/15)

Altars:

Annotations:
D:2 Robin, Sigmund


Innate Abilities, Weirdness & Mutations

You cannot wear armour.
You are incapable of wielding weapons or throwing items.
Your paws allow you to move quietly. (Stealth)
You have sharp claws.
You have razor-sharp teeth.
You have supernaturally acute eyesight. (SInv)
You are carnivorous and can eat meat at any time.
You cover ground quickly.
You are covered in fur. (AC +1)
You have a slow metabolism.
Your sharp claws are effective at attacking unaware monsters.


Message History

You bump into the rock wall.
You feel less confused. Sigmund barely misses you.
You closely miss Sigmund. Your bite misses Sigmund.
Sigmund is almost dead.
You closely miss Sigmund.
Sigmund is almost dead.
Sigmund barely misses you.
You scratch Sigmund but do no damage.
Sigmund is almost dead.
Sigmund hits you with a +0 scythe!
* * * LOW HITPOINT WARNING * * *
You barely miss Sigmund.
Sigmund is almost dead.
You scratch Sigmund.
Sigmund is almost dead.
Sigmund points at you and mumbles some strange words.
The puff of flame hits you!
Ouch! That really hurt!
You die...

###.#######.#
#g# ....# #.#
.# #g# #####
#.# . #g# #
#.# ##. #g# #
#.# #.$ #)# #
#.# #.#
#g##### # #.#
#.# #...... #
#.# #@#
######. # #.#
##@## #. #
#.# #...#####
#. # #.#
#(#.....# #.
#^# #...###.#
#. #.# #####
#.# #.
###########.#
#...###.# #.
...........)#
#.#(....# #.
....#########
#...##### #.
###.# ##.##
#.


You could see Sigmund (invisible).

Vanquished Creatures
  Terence (D:2)
  3 adders (D:2)
  2 oozes
  A worm (D:2)
  A ball python (D:2)
  2 bats
  7 goblins
  6 hobgoblins
  4 jackals (D:1)
  A quokka (D:2)
  4 frilled lizards
  4 kobolds
  11 rats
47 creatures vanquished.

Notes
Turn   | Place    | Note
-------+----------+-------------------------------------------
     0 | D:1      | Descartes the Felid Monk began the quest for the Orb.
     0 | D:1      | Reached XP level 1. HP: 10/10 MP: 2/2
   460 | D:1      | Reached XP level 2. HP: 14/14 MP: 3/3
  1136 | D:2      | Reached XP level 3. HP: 15/17 MP: 4/4
  1346 | D:2      | Noticed Terence
  1365 | D:2      | Killed Terence
  1498 | D:2      | Reached XP level 4. HP: 21/21 MP: 5/5
  2193 | D:2      | Noticed Robin
  2209 | D:2      | Slain by a goblin
  2210 | D:2      | Reached XP level 3. HP: 0/18 MP: 4/4
  2258 | D:2      | Noticed Sigmund
  2276 | D:2      | Killed from afar by Sigmund

Illustrated notes

Levels and vault maps discovered:
D:1:      dpeg_arrival_rooms_a, layout_basic, minmay_3d_cube
D:2:      layout_loops_ring, uniq_robin, uniq_terence, uniq_sigmund

Skill      XL: |  1  2  3  4 |
---------------+-------------+-----
Stealth        | 3 4 |  4.2
Fighting       | |  3.7
Dodging        | |  4.9
Unarmed Combat | |  3.6

Action                   |  1- 3 |  4- 6 || total
-------------------------+-------+-------++-------
Melee: Unarmed           |    95 |    44 ||   139
       Bite              |     7 |     9 ||    16
 Stab: Sleeping          |    13 |     3 ||    16
  Eat: Chunk             |    12 |     2 ||    14
Armor: Skin              |     3 |     1 ||     4
Dodge: Dodged            |    70 |    36 ||   106
